 Dungeon Crawl Stone Soup version 0.30-a0-672-gc3a7216ad8 (webtiles) character file.

Game seed: 2518370944073472569

823 Newt the Skirmisher (level 8, -4/48 HPs)
             Began as a Kobold Hunter on Jan 18, 2023.
             Killed from afar by an orc wizard (5 damage)
             ... with a magic dart
             ... on level 5 of the Dungeon.
             The game lasted 00:05:25 (4588 turns).

Newt the Skirmisher (Kobold Hunter)                 Turns: 4588, Time: 00:05:26

Health: -4/48      AC:  9    Str:  8    XL:     8   Next: 17%
Magic:  12/12      EV: 14    Int: 11    God:
Gold:   195        SH:  0    Dex: 20    Spells: 10/13 levels left

rFire   . . .      SeeInvis .    k - +0 sling (drain)
rCold   . . .      Faith    .    (no shield)
rNeg    . . .      Spirit   .    c - +1 leather armour
rPois   .          Reflect  .    u - +1 helmet
rElec   .          Harm     .    (no cloak)
rCorr   .          Rampage  .    g - +2 pair of gloves
Will    +....                    (no boots)
Stlth   ++                       (no amulet)
HPRegen 0.28/turn                o - ring of wizardry
MPRegen 0.13/turn                s - ring of willpower

@: confused, lethally poisoned (-4 -> -12), ambrosia-drunk, attractive
A: small, no large weapons, nightstalker 3
a: no special abilities


You were on level 5 of the Dungeon.
You visited 1 branch of the dungeon, and saw 5 of its levels.

You collected 195 gold pieces.

Inventory:

Hand Weapons
 a - a +0 shortbow
 k - a +0 sling of draining (weapon)
Armour
 c - a +1 leather armour (worn)
 g - a +2 pair of gloves (worn)
 u - a +1 helmet (worn)
Jewellery
 o - a ring of wizardry (left hand)
 s - a ring of willpower (right hand)
Wands
 l - a wand of charming (7)
 n - a wand of iceblast (11)
 t - a wand of light (5)
 v - a wand of digging (3)
Scrolls
 b - 2 scrolls of immolation
 i - a scroll of blinking
 j - a scroll of amnesia
 m - a scroll of teleportation
Potions
 e - 3 potions of flight
 f - a potion of degeneration
 h - a potion of mutation
 p - a potion of brilliance
 r - a potion of ambrosia


   Skills:
 - Level 4.0 Fighting
 - Level 9.0 Ranged Weapons
 - Level 2.4 Dodging
 - Level 3.0 Stealth
 + Level 3.3 Spellcasting
 - Level 4.0 Air Magic


You had 10 spell levels left.
You knew the following spells:

 Your Spells              Type           Power      Damage    Failure   Level
a - Swiftness             Air            10%        N/A       9%          3

Your spell library contained the following spells:

 Spells                   Type           Power      Damage    Failure   Level
 Shock                    Conj/Air       24%        1d4       7%          1
 Cigotuvi's Dreadful Rot  Necr/Pois/Air  8%         N/A       13%         2
 Slow                     Hex            4%         N/A       16%         1
 Summon Small Mammal      Summ           4%         N/A       16%         1
 Ensorcelled Hibernation  Hex/Ice        2%         N/A       22%         2
 Lesser Beckoning         Tloc           2%         N/A       22%         2
 Passwall                 Tmut/Erth      0%         N/A       22%         2
 Airstrike                Air            5%         2d(1-17)  28%         4
 Call Canine Familiar     Summ           1%         N/A       41%         3
 Confusing Touch          Hex            1%         N/A       41%         3
 Gell's Gravitas          Tloc           1%         N/A       41%         3
 Portal Projectile        Hex/Tloc       2%         N/A       41%         3
 Summon Guardian Golem    Hex/Summ       1%         N/A       41%         3
 Teleport Other           Tloc           1%         N/A       41%         3
 Tukima's Dance           Hex            1%         N/A       41%         3
 Vampiric Draining        Necr           1%         2d6       41%         3
 Dispel Undead            Necr           1%         3d6       80%         4
 Leda's Liquefaction      Hex/Erth       0%         N/A       80%         4
 Blade Hands              Tmut           0%         N/A       98%         5
 Death Channel            Necr           0%         N/A       100%        6


Dungeon Overview and Level Annotations

Branches:
Dungeon (5/15)
 Temple: D:4-7

Altars:
Zin


Innate Abilities, Weirdness & Mutations

You are small and have problems with some larger weapons.
You are completely attuned to the shadows.


Message History

You feel sluggish. Something hits you.
You are poisoned.
Something hits you but does no damage.
You are more poisoned.
You start to feel a little faster.
You feel very sick. Something hits you but does no damage.
You are lethally poisoned!
* * * LOW HITPOINT WARNING * * *
You feel extremely sick. Something hits you but does no damage.
You are more poisoned.
* * * LOW HITPOINT WARNING * * *
You feel extremely sick.
You feel much better.
You feel very sick. Something hits you.
* * * LOW HITPOINT WARNING * * *
You are lethally poisoned!
Something barely misses you.
You no longer feel sluggish.
* * * LOW HITPOINT WARNING * * *
You feel extremely sick. Something hits you.
* * * LOW HITPOINT WARNING * * *
It was a potion of attraction.
You feel attractive to monsters.
* * * LOW HITPOINT WARNING * * *
You feel very sick. Something completely misses you.
It was a potion of ambrosia.
You are confused.
You feel invigorated.
* * * LOW HITPOINT WARNING * * *
You feel very sick.
You hear some strange, mumbled words.
A magic dart appears from out of thin air!
The magic dart hits you.
You die...

#......# ##......#
....<...# ##.......
##..####.....
#.............
#..####......# #..#
#......#
#.@####......######
#.{................
#.#.######...######
#.#.### #......#
#.#...# #......#
##'###.####......#
#...##.....#.....#
#...######.##'####
# ####...#
#.##.####.#


There were no monsters in sight!

Vanquished Creatures
  Pikel (D:3)
  3 lemures (D:3)
  A scorpion (D:4)
  An orc priest (D:5)
  Jessica (D:2)
  Natasha (D:3)
  Terence (D:3)
  Robin (D:4)
  4 gnolls
  6 adders
  5 dart slugs
  7 orcs
  5 endoplasms
  5 giant cockroaches
  16 goblins
  7 hobgoblins
  8 jackals
  2 quokkas
  11 ball pythons
  9 bats
  8 kobolds
  4 rats
107 creatures vanquished.

Notes
Turn   | Place    | Note
-------+----------+-------------------------------------------
     0 | D:1      | Newt the Kobold Hunter began the quest for the Orb.
     0 | D:1      | Reached XP level 1. HP: 12/12 MP: 1/1
   103 | D:1      | Reached XP level 2. HP: 17/17 MP: 2/2
   329 | D:1      | Reached XP level 3. HP: 21/23 MP: 3/3
   959 | D:2      | Reached XP level 4. HP: 29/29 MP: 4/4
  1393 | D:2      | Noticed Jessica
  1397 | D:2      | Killed Jessica
  1485 | D:2      | Reached skill level 6 in Ranged Weapons
  2041 | D:3      | Reached XP level 5. HP: 33/33 MP: 5/5
  2055 | D:3      | Noticed Terence
  2341 | D:3      | Found a glowing silver altar of Zin.
  2351 | D:3      | Learned a level 3 spell: Swiftness
  2467 | D:3      | Killed Terence
  2917 | D:4      | Noticed a lemure
  2918 | D:4      | Noticed a lemure
  2918 | D:4      | Noticed a lemure
  2919 | D:4      | Noticed Pikel
  2935 | D:4      | Noticed Natasha
  2936 | D:4      | Noticed a lemure
  2947 | D:3      | Killed Natasha
  2948 | D:3      | Reached skill level 7 in Ranged Weapons
  2982 | D:3      | Killed a lemure
  2992 | D:3      | Killed a lemure
  3307 | D:3      | Killed a lemure
  3334 | D:3      | Killed Pikel
  3335 | D:3      | Reached skill level 9 in Ranged Weapons
  3335 | D:3      | Reached XP level 6. HP: 30/38 MP: 6/6
  3335 | D:3      | Reached XP level 7. HP: 34/43 MP: 7/7
  3497 | D:4      | Noticed Robin
  3525 | D:4      | Killed Robin
  3671 | D:3      | Reached skill level 1 in Spellcasting
  3912 | D:4      | Reached XP level 8. HP: 48/48 MP: 9/11
  4376 | D:5      | Entered Level 5 of the Dungeon
  4587 | D:5      | HP: 1/48 [poisoned by an orc wizard]
  4588 | D:5      | Killed from afar by an orc wizard

Illustrated notes

Levels and vault maps discovered:
D:1:      lightli_arrival_isolated_outpost, layout_basic
D:2:      layout_basic, uniq_jessica
D:3:      layout_loops_ring, overflow_temple_1_default, reono_crystal_passage,
          minmay_fractal_squares_5, uniq_terence
D:4:      layout_basic, minmay_misc_feat_five, uniq_natasha, uniq_robin,
          uniq_pikel
D:5:      layout_basic, gammafunk_temple_overflow_pools, uniq_menkaure,
          uniq_duvessa

Skill      XL: |  1  2  3  4  5  6  7  8 |
---------------+-------------------------+-----
Stealth        | 3 |  3.0
Fighting       | 3 4 |  4.0
Ranged Weapons | 6 9 |  9.0
Air Magic      | 3 4 |  4.0
Spellcasting   | 2 3 |  3.3
Dodging        | |  2.4

Action                   |  1- 3 |  4- 6 |  7- 9 || total
-------------------------+-------+-------+-------++-------
 Fire: Shortbow          |   101 |    15 |       ||   116
       Sling             |       |   144 |   119 ||   263
 Cast: Swiftness         |       |       |     2 ||     2
  Use: Scroll            |     4 |     9 |     3 ||    16
       Potion            |     1 |     3 |     3 ||     7
Armor: Leather armour    |    15 |    35 |    24 ||    74
Dodge: Dodged            |    73 |   103 |    50 ||   226

Table legend: (Time is in decaauts)
 A = Elapsed time spent in this place.
 B = Non-inter-level travel time spent in this place.
 C = Inter-level travel time spent in this place.
 D = Time resting spent in this place.
 E = Time spent auto-exploring this place.
 F = Levels seen in this place.
 G = Mean time per level.
                   A        B        C        D        E       F      G
               +--------+--------+--------+--------+--------+-----+--------+
         Total |   4647 |   4564 |     83 |    749 |   3008 |   5 |  929.4 |
       Dungeon |   4647 |   4564 |     83 |    749 |   3008 |   5 |  929.4 |
               +--------+--------+--------+--------+--------+-----+--------+

Top non-repeatable levels by time:
     D:3: 1516 daAuts
     D:2: 1131 daAuts
     D:1: 918 daAuts
     D:4: 869 daAuts
     D:5: 212 daAuts
